 Dungeon Crawl Stone Soup version 0.32-a0-656-g3542139ebd (webtiles) character file.

Game seed: 12903784196500026905

65 CougarLife the Digger (level 4, 0/24 HPs)
             Began as a Gargoyle Earth Elementalist on Mar 9, 2024.
             Slain by Grinder (2 damage)
             ... while paralysed by Grinder
             ... on level 3 of the Dungeon.
             The game lasted 00:01:27 (2288 turns).

CougarLife the Digger (Gargoyle Earth Elementalist) Turns: 2288, Time: 00:01:28

Health: 0/24       AC:  5    Str: 12    XL:     4   Next: 14%
Magic:  1/8        EV:  2    Int: 17    God:
Gold:   111        SH:  0    Dex: 10    Spells: 7/8 levels left

rFire   . . .        s - +4 dagger
rCold   . . .        (no shield)
rNeg    + . .        a - +0 robe
rPois   ∞            (no helmet)
rElec   +            (no cloak)
rCorr   .            (no gloves)
SInv    .            (no boots)
Will    .....        (no amulet)
Stlth   ++           (no ring)
HPRegen 0.24/turn    (no ring)
MPRegen 0.11/turn

%: no passive effects
@: paralysed, very slightly contaminated
A: sickness immunity, AC +3, negative energy resistance 1, electricity
resistance, torment resistance 1, petrification resistance
a: no special abilities


You were on level 3 of the Dungeon.
You visited 1 branch of the dungeon, and saw 3 of its levels.

You collected 111 gold pieces.

Inventory:

Hand Weapons
 s - a +4 dagger (weapon)
Armour
 a - a +0 robe (worn)
Scrolls
 c - a scroll of enchant weapon {unknown}
 d - 3 scrolls of fear {unknown}
 e - 2 scrolls of identify {unknown}
 f - a scroll of blinking {unknown}
 g - a scroll of torment {unknown}
 j - 2 scrolls of brand weapon {unknown}
 l - a scroll of amnesia {unknown}
 o - a scroll of immolation {unknown}
 p - a scroll of revelation {unknown}
Potions
 b - a potion of magic
 h - a potion of heal wounds {unknown}
 i - 2 potions of berserk rage {unknown}
 k - a potion of brilliance {unknown}
 m - a potion of curing {unknown}
 n - a potion of haste {unknown}
 q - a potion of enlightenment {unknown}
 r - a potion of mutation {unknown}


   Skills:
 - Level 1.5 Dodging
 - Level 2.1 Stealth
 + Level 2.8 Spellcasting
 + Level 2.5 Conjurations
 + Level 4.4 Earth Magic


You had 7 spell levels left.
You knew the following spells:

 Your Spells              Type           Power      Damage    Failure   Level
a - Sandblast             Erth           34%        2d9       2%          1

Your spell library contained the following spells:

 Spells                   Type           Power      Damage    Failure   Level
 Passwall                 Erth           17%        N/A       9%          3
 Stone Arrow              Conj/Erth      28%        3d8       13%         3
 Brom's Barrelling Bould  Conj/Erth      14%        2d4       38%         4
 Petrify                  Alch/Erth      10%        N/A       56%         4


Dungeon Overview and Level Annotations

Branches:
Dungeon (3/15)

Altars:

Annotations:
D:3 Grinder


Innate Abilities, Weirdness & Mutations

You are immune to sickness and miasma.
Your stone body is resilient. (AC +3)
You are immune to poison.
You resist negative energy. (rN+)
You are resistant to electric shocks. (rElec)
You are resistant to unholy torment.
You are immune to petrification.


Message History

Aim: Grinder (moderately wounded, 80% to hit)
The blast of sand hits Grinder.
Grinder is heavily wounded.
Grinder hits you. Grinder barely misses you.
Casting: Sandblast (safe; 2% risk of failure)
Confirm with . or Enter, or press ? or * to list all spells.
Aiming: Sandblast (safe; 2% risk of failure)
Press: ? - help, Shift-Dir - straight line, f/p - Grinder
Aim: Grinder (heavily wounded, 80% to hit)
The blast of sand hits Grinder!
Grinder is severely wounded.
Grinder hits you but does no damage.
Casting: Sandblast (safe; 2% risk of failure)
Confirm with . or Enter, or press ? or * to list all spells.
Aiming: Sandblast (safe; 2% risk of failure)
Press: ? - help, Shift-Dir - straight line, f/p - Grinder
Aim: Grinder (severely wounded, 80% to hit)
The blast of sand hits Grinder!
Grinder is almost dead.
Grinder closely misses you. Grinder hits you but does no damage.
Casting: Sandblast (safe; 2% risk of failure)
Confirm with . or Enter, or press ? or * to list all spells.
Aiming: Sandblast (safe; 2% risk of failure)
Press: ? - help, Shift-Dir - straight line, f/p - Grinder
Aim: Grinder (almost dead, 80% to hit)
You miscast Sandblast.
You are very lightly contaminated with residual magic.
Nothing appears to happen.
Grinder gestures at you.
You suddenly lose the ability to move!
Grinder hits you but does no damage. Grinder gestures at you.
You resist with significant effort. Grinder gestures at you.
You resist with significant effort. Grinder hits you!
* * * LOW HITPOINT WARNING * * *
You writhe in agony.
You die...
Grinder says, "Hey, I wasn't done torturing you yet!"

.. ##### #....
..... .#### #≈≈≈
~~~~
..###############
~~~
.........5@.....#
~~~
...#..#########.#
## ## ######.###
#........# #
#........#########
#..............##.
######.#######....
#+# #####


You could see Grinder.

Vanquished Creatures
  2 adders (D:2)
  7 ball pythons
  4 endoplasms
  2 giant cockroaches
  2 goblins (D:1)
  5 hobgoblins
  A quokka (D:2)
  7 bats
  A frilled lizard (D:1)
  10 kobolds
  5 rats
46 creatures vanquished.

Notes
Turn   | Place    | Note
-------+----------+-------------------------------------------
     0 | D:1      | CougarLife the Gargoyle Earth Elementalist began the quest
                  | for the Orb.
     0 | D:1      | Reached XP level 1. HP: 10/10 MP: 3/3
   329 | D:1      | Reached XP level 2. HP: 15/15 MP: 0/5
   572 | D:1      | Reached skill level 4 in Earth Magic
  1115 | D:2      | Reached XP level 3. HP: 19/19 MP: 2/6
  1252 | D:2      | Found a faded altar of an unknown god.
  1958 | D:2      | Reached XP level 4. HP: 24/24 MP: 6/8
  2256 | D:3      | Noticed Grinder
  2284 | D:3      | Paralysed by Grinder for 5 turns
  2288 | D:3      | Slain by Grinder

Illustrated notes

Levels and vault maps discovered:
D:1:      lightli_molten_gateway, layout_loops_corners
D:2:      layout_basic, nicolae_ecumenical_snake_handling
D:3:      cheibrodos_thug_alley, layout_basic, uniq_grinder, uniq_ijyb,
          uniq_terence

Skill      XL: |  1  2  3 |
---------------+----------+-----
Earth Magic    | 4 |  4.4
Conjurations   | 2 |  2.5
Dodging        | |  1.5
Stealth        | |  2.1
Spellcasting   | |  2.8

Action                     |  1- 3 |  4- 6 || total
---------------------------+-------+-------++-------
  Melee: Unarmed           |     7 |       ||     7
   Cast: Sandblast         |    50 |    17 ||    67
 Armour: Robe              |    21 |    10 ||    31
  Dodge: Dodged            |    15 |     3 ||    18

Table legend: (Time is in decaauts)
 A = Elapsed time spent in this place.
 B = Non-inter-level travel time spent in this place.
 C = Inter-level travel time spent in this place.
 D = Time resting spent in this place.
 E = Time spent auto-exploring this place.
 F = Levels seen in this place.
 G = Mean time per level.
                   A        B        C        D        E       F      G
               +--------+--------+--------+--------+--------+-----+--------+
         Total |   2321 |   2233 |     88 |     79 |   1899 |   3 |  773.7 |
       Dungeon |   2321 |   2233 |     88 |     79 |   1899 |   3 |  773.7 |
               +--------+--------+--------+--------+--------+-----+--------+

Top non-repeatable levels by time:
     D:1: 1135 daAuts
     D:2: 1024 daAuts
     D:3: 161 daAuts
